 Dungeon Crawl Stone Soup version 0.22.0-36-g8e74550 (webtiles) character file.

618 iamserjio the Grappler (level 7, 66/66 HPs)
             Began as a Troll Fighter on Aug 24, 2018.
             Quit the game in the Ecumenical Temple.
             The game lasted 00:05:50 (837 turns).

iamserjio the Grappler (Troll Fighter)               Turns: 837, Time: 00:05:51

Health: 66/66      AC:  5    Str: 25    XL:     7   Next: 21%
Magic:  6/6        EV:  8    Int:  6    God:
Gold:   95         SH:  8    Dex:  9    Spells: 6/6 levels left

rFire    . . .     SeeInvis .     - Unarmed
rCold    . . .     Gourm    +   b - +0 shield
rNeg     . . .     Faith    .   a - +0 robe
rPois    .         Spirit   +   (helmet restricted)
rElec    .         Reflect  .   (no cloak)
rCorr    .         Harm     .   (gloves unavailable)
MR       .....                  (boots unavailable)
Stlth    +.........             h - amulet of guardian spirit
HPRegen  0.61/turn              (no ring)
MPRegen  0.10/turn              (no ring)

@: no status effects
A: large, unfitting armour, claws 3, fast metabolism 3, gourmand, regeneration
1, shaggy fur 1, tough skin 2
a: no special abilities


You were in the Ecumenical Temple.
You were not hungry.

You visited 2 branches of the dungeon, and saw 7 of its levels.

You collected 95 gold pieces.

Inventory:

Hand Weapons
 f - a +0 blowgun
Missiles
 g - a poisoned needle
Armour
 a - a +0 robe (worn)
 b - a +0 shield (worn)
 k - a +0 hat
Jewellery
 h - an amulet of guardian spirit (around neck)
Wands
 j - a wand of acid (9)
Scrolls
 c - a scroll of noise {unknown}
 e - a scroll of remove curse {@r2}
 i - 2 scrolls of identify {@r1}
 l - a scroll of enchant weapon {unknown}
Potions
 m - a potion of mutation {unknown}
Comestibles
 d - 7 rations


   Skills:
 - Level 2.4 Fighting
 - Level 2.4 Dodging
 - Level 2.4 Shields
 + Level 8.1 Unarmed Combat


You had 6 spell levels left.
You didn't know any spells.
Your spell library was empty.

Dungeon Overview and Level Annotations

Branches:
Dungeon (6/15)             Temple (1/1) D:5

Altars:
Dithmenos
Fedhas
Hepliaklqana
Kikubaaqudgha
Okawaru
Qazlal
Sif Muna
Trog
Uskayaw
Vehumet
Wu Jian
Xom
Yredelemnul


Innate Abilities, Weirdness & Mutations

You are too large for most types of armour.
You have claws for hands.
Your metabolism is lightning-fast.
You like to eat raw meat.
Your natural rate of healing is unusually fast.
You are covered in fur. (AC +1)
You have very tough skin. (AC +2)


Message History

You scratch the jackal.
You kill the jackal!
The crimson imp closely misses you.
You closely miss the crimson imp. The crimson imp barely misses you.
You closely miss the crimson imp.
The crimson imp hits you but does no damage.
You barely miss the crimson imp.
The crimson imp blinks!
You see here 15 gold pieces.
You now have 95 gold pieces (gained 15).
The crimson imp blinks!
There is a staircase to the Ecumenical Temple here.
You climb downwards.
Welcome to the Ecumenical Temple!
There is a staircase back to the Dungeon here.
Found three altars.
Found an ancient bone altar of Kikubaaqudgha and a shimmering altar of Xom.
There is a staircase back to the Dungeon here.
Found three altars.
Found a stormy altar of Qazlal and a blossoming altar of Fedhas.
There is a stormy altar of Qazlal here.
Are you sure you want to abandon this character and quit the game? (Confirm with "yes".)

##### #########
....### ###.......###
..⌠...###..._..._...##
.......#.............#
......###...........#
<............._...###
......###...........##
.......#.............#
..⌠...###..._...@...##
....### ###.......###
##### #########


There were no monsters in sight!

Vanquished Creatures
  A troll (D:6)
  An ice beast (D:6)
  An ogre (D:4)
  A bullfrog (D:5)
  2 hounds
  A worker ant (D:4)
  2 adders (D:3)
  An adder skeleton (D:4)
  2 dart slugs
  A leopard gecko (D:4)
  14 orcs
  2 bats
  A giant cockroach (D:1)
  2 hobgoblins
  12 jackals
  A frilled lizard (D:1)
  2 kobolds (D:3)
  A quokka zombie (D:3)
  A rat (D:1)
49 creatures vanquished.

Notes
Turn   | Place    | Note
-------+----------+-------------------------------------------
     0 | D:1      | iamserjio the Troll Fighter began the quest for the Orb.
     0 | D:1      | Reached XP level 1. HP: 22/22 MP: 0/0
   122 | D:1      | Reached XP level 2. HP: 29/29 MP: 1/1
   135 | D:3      | Reached skill level 3 in Unarmed Combat
   193 | D:3      | Reached XP level 3. HP: 28/36 MP: 2/2
   218 | D:3      | Found an iron altar of Okawaru.
   260 | D:3      | Reached skill level 4 in Unarmed Combat
   312 | D:4      | Noticed an ogre
   322 | D:3      | Reached XP level 4. HP: 34/44 MP: 3/3
   357 | D:4      | Killed an ogre
   357 | D:4      | Reached skill level 5 in Unarmed Combat
   357 | D:4      | Reached XP level 5. HP: 12/50 MP: 4/4
   442 | D:4      | Reached skill level 6 in Unarmed Combat
   463 | D:5      | Entered Level 5 of the Dungeon
   475 | D:5      | Reached XP level 6. HP: 56/59 MP: 5/5
   552 | D:6      | Found a hazy altar of Hepliaklqana.
   615 | D:6      | Noticed an ice beast
   623 | D:6      | Killed an ice beast
   623 | D:6      | Reached skill level 7 in Unarmed Combat
   664 | D:6      | Noticed a troll
   672 | D:6      | Killed a troll
   672 | D:6      | Reached skill level 8 in Unarmed Combat
   672 | D:6      | Reached XP level 7. HP: 48/66 MP: 3/6
   702 | D:6      | Found a bloodstained altar of Trog.
   759 | D:5      | Found a staircase to the Ecumenical Temple.
   790 | Temple   | Entered the Ecumenical Temple
   837 | Temple   | Quit the game

Skill      XL: |  1  2  3  4  5  6 |
---------------+-------------------+-----
Unarmed Combat | 3 4 5 6 8 |  8.1
Fighting       | |  2.4
Dodging        | |  2.4
Shields        | |  2.4

Action                   |  1- 3 |  4- 6 |  7- 9 || total
-------------------------+-------+-------+-------++-------
Melee: Unarmed           |    92 |    57 |    18 ||   167
  Use: Scroll            |       |     2 |       ||     2
       Potion            |       |     1 |       ||     1
  Eat: Chunk             |     1 |     1 |       ||     2
       Ration            |       |       |     1 ||     1
Armor: Robe              |    43 |    14 |     7 ||    64
Dodge: Dodged            |    38 |    11 |     7 ||    56
Block: Shield            |    55 |    17 |     9 ||    81
